Match 45895681
Unlisted

Match 45895681
End
Panzergrenadier Squad
250 Light Carrier
Panzergrenadier Squad
Panzergrenadier Squad
Construct Light Support Kompanie
2.5-tonne Medical Truck
Combat Half-tracks
Panzerjäger Squad
Selects Panzerjäger Kommand Battlegroup
Selects Tank Busters
Selects Blockade Equipment
Fire Support Elements
Flakvierling Half-track
Akan^
Bc124
I <3 SUISEI Sama
霜星QAQ
Cameleon Casquer
S1L
mitrii26rus
arrogant5123
0
0

Comments sign in to comment!

No comments posted yet!